 Adventure DCSS version bcrawl-1.32 (webtiles) character file.

Game seed: 15378572358504006797

94833 Leeroy the Slasher (level 2, 17/17 HPs)
             Began as a Skeleton Skald on Aug 4, 2021.
             Quit the game on level 2 of the Dungeon.
             The game lasted 00:01:41 (1063 turns).

Leeroy the Slasher (Skeleton Skald)                 Turns: 1063, Time: 00:01:42

Health: 17/17      AC:  3    Str: 17    XL:     2   Next: 75%
Magic:  6/6        EV: 12    Int: 11    God:
Gold:   59         SH:  1    Dex:  9    Spells: 0/7 levels left
                                        Lives:  1   Deaths: 1

rFire    . . .     SeeInvis .   a - +0 long sword
rCold    + . .     Gourm    .   (no shield)
rNeg     + + +     Faith    .   b - +0 leather armour
rPois    ∞         Spirit   +   g - +0 hat
rElec    .         Reflect  .   (no cloak)
rCorr    .         Harm     .   (no gloves)
MR       .....                  (no boots)
Stlth    +++.......             (no amulet)
HPRegen  0.05/turn              h - ring of stealth
MPRegen  0.10/turn              (no ring)

@: no status effects
A: no food or potions, cold resistance 1, deterioration 1, negative energy
resistance 3, torment resistance, unbreathing, magic shield, sturdy frame 1,
spell healing
a: no special abilities


You were on level 2 of the Dungeon.
You were not hungry.

You visited 1 branch of the dungeon, and saw 2 of its levels.

You collected 59 gold pieces.

Inventory:

Hand Weapons
 a - a +0 long sword (weapon)
Armour
 b - a +0 leather armour (worn)
 g - a +0 hat (worn)
 k - a +0 ring mail
Jewellery
 h - a ring of stealth (left hand)
Scrolls
 c - a scroll of remove curse {unknown}
 d - 2 scrolls of fear
 e - a scroll of magic mapping {unknown}
 f - a scroll of immolation {unknown}
 i - 2 scrolls of identify
 j - a scroll of teleportation {unknown}


   Skills:
 - Level 2.0 Fighting
 + Level 5.1 Long Blades
 - Level 1.1 Armour
 - Level 2.0 Dodging
 - Level 3.0 Spellcasting
 - Level 3.2 Charms


You couldn't memorise any spells.
You knew the following spells:

 Your Spells              Type           Power        Failure   Level  Hunger
a - Infusion              Chrm           #.......     7%          1    N/A
b - Song of Slaying       Chrm           #.......     11%         2    N/A
c - Swiftness             Chrm/Air       #.......     22%         2    N/A
d - Spectral Weapon       Hex/Chrm       #.......     38%         3    N/A

Your spell library contained the following spells:

 Spells                   Type           Power        Failure   Level  Hunger
 Ozocubu's Armour         Chrm/Ice       #.......     38%         3    N/A
 Regeneration             Chrm/Necr      Unusable     N/A         3    N/A

Dungeon Overview and Level Annotations

Branches:
Dungeon (2/12)

Altars:


Innate Abilities, Weirdness & Mutations

You do not eat or drink.
You are immune to poison.
Your flesh is cold resistant. (rC+)
Your body sometimes deteriorates upon taking damage.
You are immune to negative energy. (rN+++)
You are immune to unholy pain and torment.
You can survive without breathing.
When hurt, damage is shared between your health and your magic reserves.
Your movements are slightly less encumbered by armour. (ER -2)
Casting spells heals you.


Message History

The bat misses you. The crimson imp hits you. The worm closely misses you.
You miss the crimson imp.
The crimson imp is severely wounded.
The bat barely misses you. The crimson imp hits you.
You closely miss the crimson imp.
The crimson imp is heavily wounded.
The worm bites you!
* * * LOW HITPOINT WARNING * * *
The crimson imp drinks a potion.
The crimson imp is healed!
The bat hits you but does no damage. The worm misses you.
The bat hits you but does no damage. The crimson imp breathes fire at you.
The flame tongue hits you!
Ouch! That really hurt!
You die...
Xom reaches out...
You are now level 2!
You rejoin the land of the living...
A ball python comes into view.
Are you sure you want to abandon this character and quit the game? (Confirm with "yes".)

# .. #. #. #.
#. #.
#..##.##
#.....S# #.@#
#............
####.#####.##
#. .. ###


You could see a ball python (sleeping).

Vanquished Creatures
  A gnoll (D:2)
  2 oozes
  A worm (D:2)
  2 dart slugs (D:1)
  2 leopard geckos (D:1)
  6 bats (D:1)
  2 giant cockroaches (D:1)
  3 goblins
  3 hobgoblins (D:1)
  A jackal (D:1)
  2 frilled lizards (D:1)
  3 kobolds (D:1)
  6 rats
34 creatures vanquished.

Notes
Turn   | Place    | Note
-------+----------+-------------------------------------------
     0 | D:1      | Leeroy the Skeleton Skald began the quest for the Orb.
     0 | D:1      | Reached XP level 1. HP: 12/12 MP: 4/4
    63 | D:1      | Reached skill level 3 in Long Blades
   109 | D:1      | Reached XP level 2. HP: 17/17 MP: 6/6
   331 | D:1      | Reached skill level 4 in Long Blades
   575 | D:1      | Reached XP level 3. HP: 4/21 MP: 2/7
  1014 | D:2      | Learned a level 2 spell: Song of Slaying
  1017 | D:2      | Learned a level 2 spell: Swiftness
  1021 | D:2      | Learned a level 3 spell: Spectral Weapon
  1039 | D:2      | Reached skill level 5 in Long Blades
  1062 | D:2      | Killed from afar by a crimson imp
  1063 | D:2      | Reached XP level 2. HP: -8/17 MP: 0/6
  1063 | D:2      | Quit the game

Skill      XL: |  1  2  3 |
---------------+----------+-----
Long Blades    | 3 4 5 |  5.1
Fighting       | |  2.0
Armour         | |  1.1
Dodging        | |  2.0
Spellcasting   | |  3.0
Charms         | |  3.2

Action                   || total
-------------------------++-------
Melee: Long sword        ||   114
 Stab: Sleeping          ||     3
Armor: Leather armour    ||    43
Dodge: Dodged            ||    95
Block: Other             ||     1
